Map: Blackburn LE

Players

Pumba - Winner!

  • Race: Protoss Protoss
  • League: Diamond
  • Spawn Location: 5:00

sketch

  • Race: Terran Terran
  • League: Diamond
  • Spawn Location: 7:00

VOD

Have the link to the VOD?

Description

Time

  • Played on: March 15, 2022, 8:46 p.m.
  • Length: 11:33
Show
View Real Time Build Order
Export as new Build Order

Pumba Protoss - Winner!

Build Orders: 1 Gate Expand, Blink Stalkers 

Get SALT Encoding   

  12  0:01  Probe  
  13  0:13  Probe  
  14  0:22  Pylon  
  15  0:28  Probe  
  15  0:40  Probe (Chrono Boost)  
  16  0:48  Gateway  
  16  0:52  Probe (Chrono Boost)  
  16  0:53  Assimilator  
  17  1:00  Probe (Chrono Boost)  
  18  1:07  Probe  
  19  1:19  Probe  
  20  1:27  Nexus  
  20  1:38  Cybernetics Core  
  20  1:40  Probe  
  21  1:50  Assimilator  
  21  1:52  Pylon  
  21  1:55  Probe  
  22  2:07  Probe  
  23  2:19  Probe  
  23  2:22  Twilight Council, Stalker (Chrono Boost)  
  26  2:30  Warp Gate  
  26  2:31  Probe  
  27  2:43  Probe (Chrono Boost)  
  29  2:44  Stalker (Chrono Boost)  
  29  2:49  Probe (Chrono Boost)  
  31  2:53  Probe (Chrono Boost)  
  31  2:57  Probe (Chrono Boost)  
  31  2:58  Probe (Chrono Boost)  
  34  3:06  Gateway  
  34  3:09  Shield Battery  
  34  3:16  Probe x2  
  34  3:18  Blink (Chrono Boost)  
  36  3:31  Stalker  
  36  3:33  Probe x2  
  39  3:36  Assimilator  
  39  3:42  Gateway  
  39  3:45  Probe  
  40  3:51  Forge  
  38  4:08  Probe x2  
  38  4:17  Stalker  
  38  4:20  Probe  
  38  4:21  Pylon  
  38  4:22  Nexus, Stalker  
  39  4:34  Probe x2  
  39  4:38  Stalker x2  
  45  4:46  Probe x2  
  45  4:47  Assimilator  
  45  4:48  Pylon  
  45  4:49  Stalker  
  49  4:55  Protoss Ground Weapons Level 1  
  49  5:00  Probe  
  49  5:03  Nexus  
  49  5:06  Stalker x2  
  54  5:20  Shield Battery  
  54  5:21  Stalker  
  52  5:22  Probe  
  52  5:28  Gateway  
  53  5:30  Gateway  
  53  5:31  Probe  
  53  5:35  Probe, Stalker  
  57  5:37  Stalker  
  57  5:42  Pylon  
  59  5:46  Pylon  
  59  5:47  Charge (Chrono Boost)  
  59  5:52  Stalker  
  61  6:02  Stalker  
  61  6:03  Stalker  
  65  6:10  Probe x2  
  64  6:19  Stalker  
  64  6:22  Probe (Chrono Boost)  
  65  6:30  Photon Cannon  
  65  6:32  Photon Cannon x2  
  63  6:33  Probe x2 (Chrono Boost)  
  66  6:40  Probe (Chrono Boost)  
  66  6:42  Probe x2 (Chrono Boost)  
  66  6:44  Robotics Facility  
  69  6:47  Probe x3 (Chrono Boost)  
  71  6:56  Stalker x4  
  71  6:58  Probe  
  71  7:00  Stalker  
  80  7:02  Protoss Ground Weapons Level 2 (Chrono Boost)  
  80  7:13  Probe  
  81  7:28  Zealot  
  81  7:29  Zealot x4  
  91  7:32  Probe x2  
  91  7:33  Nexus  
  93  7:37  Pylon  
  93  7:39  Pylon  
  93  7:40  Pylon  
  93  7:42  Pylon  
  93  7:47  Pylon  
  85  7:53  Stalker x3  
  73  8:09  Probe (Chrono Boost)  
  73  8:12  Probe (Chrono Boost)  
  70  8:13  Probe (Chrono Boost)  
  70  8:18  Nexus  
  70  8:20  Pylon  
  70  8:21  Probe (Chrono Boost)  
  70  8:24  Photon Cannon  
  70  8:26  Probe x2 (Chrono Boost)  
  73  8:33  Gateway x2  
  74  8:34  Observer (Chrono Boost)  
  74  8:35  Gateway x2  
  74  8:38  Zealot  
  74  8:39  Zealot  
  74  8:41  Zealot  
  80  8:43  Zealot  
  80  8:47  Observer (Chrono Boost)  
  83  8:56  Gateway  
  83  8:58  Probe x4, Gateway  
  87  9:06  Stalker x2  
  87  9:16  Stalker x3  
  88  9:29  Probe x2  
  91  9:31  Probe x3  
  91  9:36  Observer  
  93  9:48  Probe x4, Photon Cannon  
  93  9:49  Probe  
  98  9:53  Zealot x2  
  98  9:54  Zealot x7  
  116  10:00  Probe x4  
  118  10:23  Zealot x8  
  118  10:24  Zealot x3  
  118  10:53  Gateway  
  118  10:55  Gateway x2  
  118  10:58  Gateway  
  118  10:59  Nexus  
  118  11:00  Gateway  
  118  11:08  Photon Cannon  
  118  11:10  Shield Battery, Photon Cannon  
  118  11:13  Shield Battery  
  118  11:14  Pylon  
Show
View Real Time Build Order
Export as new Build Order

sketch Terran 

Build Orders: 2 Factory, Cyclone Opening 

Get SALT Encoding   

  12  0:00  SCV  
  13  0:12  SCV  
  14  0:17  Supply Depot  
  14  0:24  SCV  
  15  0:39  SCV  
  15  0:40  Barracks  
  16  0:44  Refinery  
  16  0:51  SCV  
  16  0:53  Refinery  
  17  1:03  SCV  
  18  1:15  SCV  
  19  1:27  Supply Depot  
  19  1:29  SCV  
  20  1:33  Factory  
  20  1:44  Orbital Command  
  21  1:58  Factory  
  20  2:01  Barracks Tech Lab  
  20  2:09  SCV  
  21  2:23  Mag-Field Accelerator  
  21  2:28  SCV  
  22  2:32  Cyclone  
  25  2:51  Command Center  
  25  2:52  Factory Tech Lab  
  25  2:56  SCV  
  26  3:06  Cyclone  
  26  3:10  Supply Depot  
  29  3:13  SCV  
  30  3:32  Cyclone  
  33  3:37  SCV  
  34  3:41  Cyclone  
  34  3:44  Supply Depot  
  37  3:49  SCV  
  37  3:54  Refinery  
  38  4:05  SCV  
  39  4:10  Orbital Command  
  39  4:15  Refinery  
  39  4:16  Cyclone x2  
  45  4:26  Starport  
  45  4:32  SCV  
  45  4:38  SCV  
  47  4:44  SCV  
  48  4:56  Cyclone  
  48  4:57  Cyclone  
  48  4:58  SCV x2  
  53  5:21  SCV x2  
  52  5:25  Starport Reactor  
  52  5:29  Cyclone  
  52  5:33  SCV  
  52  5:34  Armory  
  56  5:36  SCV  
  56  5:37  Engineering Bay  
  56  5:38  Command Center  
  56  5:41  Supply Depot  
  57  5:47  Siege Tank  
  57  5:49  SCV  
  61  5:54  SCV  
  62  6:03  SCV  
  63  6:04  Cyclone  
  63  6:06  SCV  
  63  6:08  Liberator  
  55  6:29  SCV x2  
  55  6:32  Siege Tank  
  57  6:34  Liberator  
  57  6:38  Siege Tank  
  63  6:48  SCV  
  63  6:49  SCV  
  63  6:50  Planetary Fortress  
  63  6:53  Refinery  
  65  6:55  Refinery  
  65  7:00  SCV  
  66  7:03  Command Center  
  66  7:12  SCV x2  
  66  7:13  Siege Tank  
  71  7:25  SCV x2  
  70  7:31  SCV  
  70  7:34  Liberator x2  
  70  7:35  Terran Vehicle And Ship Armor Level 1  
  77  7:37  SCV  
  77  7:38  SCV  
  79  7:45  SCV  
  60  8:09  Cyclone x2  
  60  8:11  SCV x3  
  66  8:23  SCV  
  66  8:26  Liberator x2  
  73  8:38  SCV x3  
  76  8:43  Missile Turret  
  76  8:45  Armory  
  76  8:47  Armory  
  76  8:48  Siege Tank x2  
  82  8:55  SCV x3  
  74  9:23  Siege Tank  
  74  9:24  Siege Tank  
  77  9:25  SCV  
  77  9:26  SCV  
  76  9:45  Starport  
  76  9:46  Fusion Core, Starport  
  76  9:51  Command Center  
  76  9:58  Liberator  
Tags
 
Add a new tag
Caveats
  • Supply blocks, unpowered buildings, or Contaminate may cause inaccurate times.
  • Supply counts are checked every 10 seconds.